 Dungeon Crawl Stone Soup version 0.28.0-55-gcd9437bce4 (webtiles) character file.

Game seed: 17371696086755319889

3077 nerdsy the Covered (level 9, 0/82 HPs)
             Began as a Deep Dwarf Fighter on Jan 3, 2023.
             Slain by a yak (11 damage)
             ... on level 8 of the Dungeon.
             The game lasted 00:18:33 (4865 turns).

nerdsy the Covered (Deep Dwarf Fighter)             Turns: 4865, Time: 00:18:34

Health: 0/82       AC: 12    Str: 23    XL:     9   Next: 58%
Magic:  5/5        EV:  9    Int: 10    God:
Gold:   154        SH:  5    Dex: 17    Spells: 8/8 levels left

rFire   . . .      SeeInvis .   H - +3 broad axe (flame)
rCold   . . .      Faith    .   c - +0 buckler
rNeg    . . .      Spirit   .   x - +0 chain mail
rPois   +          Reflect  .   F - +0 helmet of Akosoxipi {rPois Dex+5}
rElec   .          Harm     .   (no cloak)
rCorr   .          Rampage  .   (no gloves)
Will    +....                   (no boots)
Stlth   ..........              (no amulet)
HPRegen 0.00/turn               (no ring)
MPRegen 0.09/turn               (no ring)

@: no status effects
A: damage resistance, heal wounds, sense surroundings 2, no regeneration
a: Heal Wounds


You were on level 8 of the Dungeon.
You visited 1 branch of the dungeon, and saw 8 of its levels.

You collected 517 gold pieces.
You spent 363 gold pieces at shops.

Inventory:

Hand Weapons
 f - a +4 whip
 H - a +3 broad axe of flaming (weapon)
Missiles
 e - 163 stones
 g - 52 bolts
 l - 129 arrows
 o - 7 poisoned darts
 u - 60 sling bullets
 B - 5 curare-tipped darts
 I - 9 boomerangs
Armour
 c - a +0 buckler (worn)
 x - a +0 chain mail (worn)
 E - a +2 helmet
 F - the +0 helmet of Akosoxipi (worn) {rPois Dex+5}
   (You found it on level 6 of the Dungeon)

   Dex:       It affects your dexterity (+5).
   rPois:     It protects you from poison.
Magical Staves
 r - a staff of poison
Scrolls
 b - a scroll of fog {unknown}
 h - a scroll of vulnerability {unknown}
 i - 8 scrolls of identify {unknown}
 m - 2 scrolls of teleportation {unknown}
 n - 2 scrolls of amnesia {unknown}
 s - 3 scrolls of immolation {unknown}
 w - 2 scrolls of enchant armour {unknown}
 y - 3 scrolls of fear {unknown}
 C - a scroll of blinking {unknown}
 D - a scroll of magic mapping {unknown}
 G - a scroll of torment {unknown}
 J - a scroll of noise {unknown}
Potions
 a - 2 potions of mutation {unknown}
 d - 3 potions of might
 j - 2 potions of degeneration {unknown}
 k - a potion of cancellation {unknown}
 p - a potion of attraction {unknown}
 q - 2 potions of curing {unknown}
 t - a potion of magic {unknown}
 v - a potion of haste {unknown}
 z - a potion of resistance {unknown}
 A - a potion of invisibility {unknown}
 K - 2 potions of berserk rage {unknown}


   Skills:
 + Level 6.0 Fighting
 + Level 5.6(7.9) Axes
 + Level 7.8(8.5) Maces & Flails
 + Level 7.9 Armour
 + Level 2.4 Dodging
 + Level 0.6 Stealth
 + Level 4.9 Shields


You had 8 spell levels left.
You didn't know any spells.
Your spell library contained the following spells:

 Spells                   Type           Power      Damage    Failure   Level
 Animate Skeleton         Necr           0%         N/A       97%         1
 Apportation              Tloc           0%         N/A       97%         1
 Summon Small Mammal      Summ           0%         N/A       97%         1
 Call Canine Familiar     Summ           0%         N/A       100%        3
 Portal Projectile        Hex/Tloc       0%         N/A       100%        3
 Summon Guardian Golem    Hex/Summ       0%         N/A       100%        3
 Leda's Liquefaction      Hex/Erth       0%         N/A       100%        4


Dungeon Overview and Level Annotations

Branches:
Dungeon (8/15)             Temple (0/1) D:7
   Lair: D:8-11

Altars:
Cheibriados
Elyvilon
Ru
The Shining One

Shops:
D:5 :   D:6 (

Portals:
Bailey: D:7


Innate Abilities, Weirdness & Mutations

You are resistant to damage.
You can heal yourself by infusing magical energy.
You passively map the area around you.
You do not regenerate.


Message History

The yak gores you!
A killer bee zombie comes into view.
You hit the yak but do no damage.
The yak is lightly wounded.
You hit the yak. You burn the yak. The yak completely misses you.
The yak gores you!
* * * LOW HITPOINT WARNING * * *
A white imp comes into view.
You hit the yak. You burn the yak.
The yak is lightly wounded.
You hit the yak. You burn the yak. You slash the yak! You burn the yak.
The yak barely misses you. The yak gores you.
* * * LOW HITPOINT WARNING * * *
The white imp shouts, "Scamper away, thou fawning elf-skinned varlet!"
The yak gores you!
* * * LOW HITPOINT WARNING * * *
Activating: Heal Wounds (9% risk of failure)
Press: ? - help, Q - select action, (/) - cycle Dir - look around, f - activate Your magical essence is drained by the effort!
You feel much better. The yak gores you. The yak gores you!
You slash the yak! You burn the yak.
The yak is heavily wounded.
You slice the killer bee zombie!! You burn the killer bee zombie!
You destroy the killer bee zombie!
You barely miss the yak. You hit the yak but do no damage. You slash the yak!
You burn the yak. The wight completely misses you. The yak gores you!
The yak gores you but does no damage. x2; The yak gores you!
You slash the yak! You burn the yak.
You kill the yak!
You hit the yak but do no damage. You slash the yak! You burn the yak.
You completely miss the yak.
The wight hits you from afar with a +4 halberd.
You block the yak's attack. x2; The yak gores you.
The wight hits you from afar with a +4 halberd!
* * * LOW HITPOINT WARNING * * *
The yak gores you.
* * * LOW HITPOINT WARNING * * *
The wight barely misses you. The yak closely misses you. The yak gores you!
You die...

, , .... * ....#
## .....###.####
, ,,......#...#.#
,,......#..(..###
,
.......(......#*
, ....zz.Y.....#,
* ....z.z@...#* *
, ....z.YY...# ,
, * *
*#####..5....# *
, ,#.......... ,
, , +.......... *
, #..........
,#.........#*
#........## * ,,
, **


You could see 3 yaks, 5 wights and a white imp.

Vanquished Creatures
  Pikel (D:4)
  A yak (D:8)
  3 water moccasins (D:7)
  A sky beast (D:7)
  An ice beast (D:5)
  A black bear (D:7)
  3 ogres
  2 phantoms
  2 centaurs (D:7)
  A lemure (D:4)
  A scorpion (D:5)
  A bullfrog (D:7)
  A wyvern zombie (D:5)
  A water moccasin zombie (D:5)
  2 water moccasin skeletons
  2 howler monkeys
  2 centaur zombies
  4 jellies
  4 bullfrog zombies
  2 orc priests
  3 bullfrog skeletons
  2 hounds
  2 centaur skeletons (D:7)
  4 iguanas
  An orc wizard (D:6)
  Natasha (D:2)
  2 scorpion zombies (D:5)
  A killer bee zombie (D:8)
  A hound zombie (D:5)
  A hound skeleton (D:4)
  3 howler monkey zombies
  9 adders
  3 ufetubi
  2 worms
  2 dart slugs
  5 orcs
  7 bats
  7 endoplasms
  5 giant cockroaches
  7 goblins
  A hobgoblin (D:2)
  5 jackals
  10 kobolds
  3 quokkas
  14 ball pythons
  3 frilled lizards
  4 rats
144 creatures vanquished.

Vanquished Creatures (others)
  2 plants (D:2)
  2 withered plants (D:5)
4 creatures vanquished.

Grand Total: 148 creatures vanquished

Notes
Turn   | Place    | Note
-------+----------+-------------------------------------------
     0 | D:1      | nerdsy the Deep Dwarf Fighter began the quest for the Orb.
     0 | D:1      | Reached XP level 1. HP: 20/20 MP: 1/1
   166 | D:1      | Reached XP level 2. HP: 25/27 MP: 2/2
   676 | D:2      | Reached XP level 3. HP: 22/34 MP: 3/3
   712 | D:2      | Found a glowing golden altar of the Shining One.
   733 | D:2      | Noticed Natasha
   748 | D:2      | Killed Natasha
   749 | D:2      | Reached skill level 1 in Maces & Flails
   749 | D:2      | Reached XP level 4. HP: 23/42 MP: 4/4
  1232 | D:2      | Reached skill level 1 in Dodging
  1305 | D:3      | Found a faded altar of an unknown god.
  1361 | D:3      | Reached XP level 5. HP: 38/49 MP: 5/5
  1953 | D:4      | Noticed a lemure
  1968 | D:4      | Killed a lemure
  1970 | D:4      | Noticed Pikel
  1970 | D:4      | Noticed a lemure
  1970 | D:4      | Noticed a lemure
  1971 | D:4      | Noticed a lemure
  2012 | D:4      | Killed Pikel
  2013 | D:4      | Reached skill level 5 in Armour
  2013 | D:4      | Reached XP level 6. HP: 35/58 MP: 5/5
  2013 | D:4      | Reached XP level 7. HP: 40/66 MP: 6/6
  2048 | D:4      | Found a white marble altar of Elyvilon.
  2537 | D:5      | Entered Level 5 of the Dungeon
  2590 | D:5      | Reached skill level 5 in Maces & Flails
  2652 | D:5      | Reached skill level 5 in Fighting
  2652 | D:5      | Reached XP level 8. HP: 36/74 MP: 6/6
  2771 | D:5      | Found a sacrificial altar of Ru.
  3001 | D:5      | Found Ufet's Book Emporium.
  3677 | D:6      | Identified the +0 helmet of Akosoxipi {rPois Dex+5}
  3925 | D:6      | Found Pinezxe's Weapon Boutique.
  3938 | D:6      | Gained mutation: You passively map the area around you.
                  | [Deep Dwarf growth]
  3938 | D:6      | Reached XP level 9. HP: 37/82 MP: 6/6
  3942 | D:6      | Bought a +3 broad axe of flaming for 363 gold pieces
  4192 | D:7      | Found a staircase to the Ecumenical Temple.
  4374 | D:7      | Found a snail-covered altar of Cheibriados.
  4488 | D:7      | Found a flagged portal.
  4604 | D:7      | Reached skill level 5 in Axes
  4865 | D:8      | Slain by a yak

Illustrated notes

Levels and vault maps discovered:
D:1:      tarquinn_simple_flora_water_f, layout_loops_ring
D:2:      layout_basic, basic_altar, grunt_ministairs_2,
          minmay_shallow_snake_nest, uniq_natasha
D:3:      layout_basic, nicolae_ecumenical_snake_handling, nrook_loot_triangle
D:4:      layout_loops_ring, mainiacjoe_overflow_catwalk, uniq_pikel
D:5:      layout_basic, mainiacjoe_overflow_six_doors_small, serial_shops,
          nicolae_square_shop, serial_undead, serial_undead_b, serial_undead_d,
          serial_undead_d, serial_undead_f
D:6:      layout_loops_ring, serial_shops, shop_fountains, chequers_mini_garden,
          hangedman_decor_growths
D:7:      minmay_chambers_of_fours, layout_cave_pools, kennysheep_little_box,
          minmay_temple_entry_proselytizer, enter_bailey_5
D:8:      kennysheep_blocky_room, layout_cave_pools, overflow_temple_1_default,
          serial_shops, shop, corexii_checkpoint_b, serial_bayou_ford_a,
          uniq_joseph, uniq_erica

Skill      XL: |  1  2  3  4  5  6  7  8  9 |
---------------+----------------------------+-----
Fighting       | 3 4 5 6 |  6.0
Armour         | 4 5 6 7 |  7.9
Maces & Flails | 1 2 4 5 7 |  7.8
Dodging        | 1 2 |  2.4
Shields        | 4 |  4.9
Axes           | 5 |  5.6
Stealth        | |  0.6

Action                   |  1- 3 |  4- 6 |  7- 9 || total
-------------------------+-------+-------+-------++-------
Melee: War axe           |    17 |       |       ||    17
       Whip              |    53 |   150 |   291 ||   494
       Broad axe         |       |       |    63 ||    63
 Abil: Heal Wounds       |     1 |     6 |    12 ||    19
Armor: Scale mail        |    28 |    48 |       ||    76
       Chain mail        |       |       |   191 ||   191
Dodge: Dodged            |    31 |    50 |   136 ||   217
Block: Buckler           |    24 |    18 |    73 ||   115
